Map: Ascension to Aiur LE

Players

ShoWTimE - Winner!

  • Race: Protoss Protoss
  • Spawn Location: 11:00

Minato

  • Race: Zerg Zerg
  • Spawn Location: 5:00

Event: WCS Jonkoping 2017

VOD

Have the link to the VOD?

Description

Time

  • Played on: June 17, 2017, 7:13 a.m.
  • Length: 16:05

All games in this series

Show
View Real Time Build Order
Export as new Build Order

ShoWTimE Protoss - Winner!

Build Orders: 1 Gate Expand, Oracle Opening, Zealot Archon 

Get SALT Encoding   

  12  0:00  Probe (Chrono Boost)  
  13  0:11  Probe (Chrono Boost)  
  14  0:17  Pylon  
  14  0:22  Probe (Chrono Boost)  
  15  0:35  Probe (Chrono Boost)  
  16  0:38  Gateway  
  16  0:46  Probe (Chrono Boost)  
  16  0:48  Assimilator  
  17  0:56  Probe (Chrono Boost)  
  18  1:07  Probe (Chrono Boost)  
  19  1:22  Nexus  
  19  1:25  Probe (Chrono Boost)  
  20  1:35  Cybernetics Core  
  20  1:38  Probe (Chrono Boost)  
  21  1:43  Assimilator  
  21  1:48  Probe (Chrono Boost)  
  21  1:52  Pylon  
  22  1:59  Probe (Chrono Boost)  
  23  2:10  Probe (Chrono Boost)  
  23  2:11  Adept (Chrono Boost)  
  26  2:21  Stargate  
  26  2:23  Probe  
  27  2:31  Warp Gate  
  27  2:32  Probe  
  27  2:35  Adept (Chrono Boost)  
  30  2:38  Probe  
  30  2:43  Probe  
  31  2:50  Probe  
  33  2:53  Probe  
  34  3:01  Oracle (Chrono Boost)  
  34  3:02  Probe  
  34  3:03  Pylon  
  34  3:05  Probe  
  35  3:11  Adept (Chrono Boost)  
  41  3:14  Probe  
  41  3:17  Probe  
  43  3:23  Gateway  
  43  3:27  Probe  
  44  3:29  Probe  
  44  3:32  Pylon, Oracle  
  45  3:39  Probe  
  51  3:41  Adept (Chrono Boost)  
  51  3:42  Probe  
  52  3:49  Pylon  
  52  3:51  Probe (Chrono Boost)  
  52  3:54  Probe (Chrono Boost)  
  54  4:05  Probe (Chrono Boost)  
  54  4:06  Mothership Core (Chrono Boost)  
  57  4:16  Nexus  
  58  4:17  Probe (Chrono Boost), Phoenix  
  58  4:19  Pylon  
  60  4:24  Probe (Chrono Boost)  
  60  4:25  Assimilator  
  60  4:29  Probe (Chrono Boost), Assimilator  
  62  4:35  Probe (Chrono Boost)  
  63  4:40  Adept x2  
  63  4:41  Probe (Chrono Boost)  
  69  4:45  Probe (Chrono Boost)  
  69  4:50  Robotics Facility  
  70  4:53  Probe (Chrono Boost)  
  70  4:55  Pylon  
  70  4:56  Probe (Chrono Boost)  
  71  5:05  Probe (Chrono Boost), Twilight Council  
  71  5:06  Probe (Chrono Boost)  
  73  5:07  Forge  
  73  5:13  Zealot, Sentry  
  77  5:17  Probe x2 (Chrono Boost)  
  77  5:20  Pylon  
  79  5:27  Probe (Chrono Boost)  
  81  5:29  Probe x2 (Chrono Boost)  
  81  5:30  Gateway  
  81  5:31  Charge (Chrono Boost), Gateway  
  81  5:35  Gateway  
  82  5:38  Probe (Chrono Boost)  
  82  5:39  Probe (Chrono Boost)  
  82  5:40  Probe (Chrono Boost)  
  82  5:41  Observer (Chrono Boost)  
  85  5:45  Protoss Ground Weapons Level 1 (Chrono Boost)  
  85  5:48  Assimilator  
  85  5:49  Probe  
  87  5:51  Assimilator  
  87  5:52  Probe  
  87  5:54  Probe  
  89  5:58  Templar Archives  
  89  6:00  Warp Prism  
  89  6:01  Probe  
  89  6:04  Probe  
  91  6:06  Probe  
  91  6:09  Gateway  
  94  6:13  Probe  
  94  6:15  Gateway  
  95  6:19  Probe, Gateway  
  95  6:24  Pylon  
  96  6:30  Photon Cannon  
  96  6:33  Warp Prism  
  96  6:35  High Templar x3  
  96  6:37  Zealot, High Templar  
  108  6:43  Archon  
  108  6:44  Archon  
  108  6:52  Nexus  
  108  6:57  Pylon  
  108  7:02  Pylon  
  108  7:04  High Templar  
  108  7:05  High Templar  
  112  7:09  Archon  
  112  7:10  Zealot x2  
  112  7:15  Pylon  
  116  7:16  Pylon  
  116  7:19  Zealot x3  
  116  7:20  Zealot  
  112  7:23  Immortal  
  108  7:32  Protoss Ground Weapons Level 2 (Chrono Boost)  
  108  7:41  Zealot x8  
  118  7:46  Photon Cannon  
  118  7:48  Pylon  
  112  7:58  Gateway  
  100  8:00  Gateway, Psionic Storm  
  100  8:03  Probe  
  100  8:04  Probe x2  
  97  8:05  High Templar  
  97  8:06  High Templar x3  
  97  8:09  Archon  
  97  8:10  Gateway, Archon  
  105  8:14  Zealot  
  105  8:15  Zealot, Photon Cannon  
  105  8:17  Immortal  
  113  8:30  Zealot  
  114  8:36  Zealot  
  114  8:37  Zealot  
  113  8:43  High Templar x2  
  113  8:46  High Templar  
  113  8:47  High Templar  
  117  8:55  Immortal  
  117  9:00  Robotics Facility  
  121  9:06  Zealot x5  
  129  9:24  Zealot x3, Sentry  
  119  9:32  Zealot x2, Sentry  
  119  9:33  Zealot, Immortal  
  115  9:48  Nexus  
  115  9:50  Pylon, High Templar x3  
  115  9:51  Zealot, High Templar  
  117  9:54  Archon  
  117  9:55  Archon  
  117  9:56  Archon  
  117  9:58  Immortal  
  117  10:07  Immortal  
  121  10:15  Zealot x5  
  121  10:18  Protoss Ground Weapons Level 3 (Chrono Boost)  
  121  10:19  Pylon  
  131  10:23  Zealot x4  
  131  10:27  Zealot  
  138  10:34  Archon  
  138  10:35  Zealot x4  
  126  10:43  Zealot x3  
  126  10:44  Zealot  
  130  10:54  High Templar x2  
  130  10:57  Immortal, High Templar x2  
  134  11:08  Zealot x4  
  142  11:14  Assimilator  
  142  11:17  Immortal  
  144  11:18  Assimilator  
  144  11:30  Photon Cannon, Pylon  
  144  11:32  Pylon x2  
  144  11:36  High Templar x2  
  144  11:37  Zealot x2  
  152  11:40  Archon  
  152  11:42  Photon Cannon  
  152  11:49  Zealot x4  
  152  11:52  Immortal (Chrono Boost)  
  164  12:04  Immortal (Chrono Boost)  
  164  12:08  Photon Cannon  
  168  12:14  High Templar x3  
  168  12:15  High Templar  
  176  12:18  Archon  
  176  12:19  Archon  
  176  12:21  Photon Cannon  
  176  12:24  Photon Cannon  
  176  12:29  Fleet Beacon  
  176  12:37  Stargate  
  176  12:43  Photon Cannon  
  176  12:48  Immortal (Chrono Boost)  
  176  12:51  Protoss Shields Level 1  
  180  12:56  Nexus  
  180  12:58  Pylon  
  180  13:06  Pylon  
  180  13:07  Pylon  
  178  13:19  Anion Pulse-Crystals  
  184  13:26  Carrier (Chrono Boost)  
  190  13:37  Carrier (Chrono Boost), High Templar  
  190  13:41  Assimilator  
  198  13:45  Assimilator  
  198  13:48  Stargate  
  198  13:50  High Templar  
  198  13:54  Photon Cannon  
  196  14:09  Photon Cannon  
  196  14:10  Photon Cannon  
  196  14:12  Photon Cannon  
  196  14:15  Pylon  
  196  14:19  Zealot x2  
  198  14:24  Pylon  
  198  14:26  Pylon  
  198  14:30  Pylon  
  196  14:32  Carrier (Chrono Boost)  
  196  14:38  Photon Cannon  
  182  14:39  Photon Cannon  
  182  14:50  Carrier (Chrono Boost)  
  188  14:55  Graviton Catapult  
  188  15:19  Zealot x2  
  192  15:24  High Templar x4  
  200  15:31  Archon x2  
  196  15:49  Zealot x2  
  192  16:04  Cybernetics Core  
Show
View Real Time Build Order
Export as new Build Order

Minato Zerg 

Build Orders: Hatch First, Lurkers 

Get SALT Encoding   

  12  0:00  Drone  
  13  0:12  Overlord  
  13  0:17  Drone  
  14  0:30  Drone  
  14  0:31  Drone  
  14  0:34  Drone  
  17  0:51  Hatchery  
  17  0:55  Drone  
  17  0:58  Drone  
  18  1:09  Extractor  
  17  1:13  Spawning Pool  
  17  1:16  Drone  
  17  1:20  Drone  
  18  1:28  Drone  
  19  1:39  Overlord  
  19  1:49  Drone  
  20  1:59  Queen  
  20  2:00  Zergling x2  
  23  2:02  Queen  
  23  2:03  Drone  
  26  2:12  Metabolic Boost  
  26  2:14  Drone x2  
  28  2:21  Drone  
  29  2:25  Drone  
  30  2:33  Drone  
  30  2:35  Queen  
  30  2:36  Drone  
  34  2:48  Hatchery  
  34  2:49  Overlord  
  33  2:52  Drone  
  33  2:57  Drone x2  
  36  3:11  Drone  
  36  3:12  Drone x6  
  43  3:13  Drone  
  44  3:20  Overlord  
  44  3:21  Overlord  
  44  3:30  Spore Crawler  
  44  3:33  Spore Crawler, Queen  
  44  3:42  Drone x3  
  44  3:44  Extractor  
  44  3:47  Evolution Chamber  
  45  3:50  Zergling x10  
  45  3:51  Zergling x2  
  51  3:58  Overlord  
  51  4:01  Drone x2  
  53  4:06  Spore Crawler, Extractor  
  53  4:09  Drone  
  53  4:10  Drone  
  53  4:12  Zerg Melee Weapons Level 1, Drone  
  53  4:16  Drone  
  53  4:17  Drone x3  
  59  4:25  Baneling Nest  
  58  4:33  Lair, Drone  
  58  4:34  Drone x3  
  58  4:36  Drone  
  58  4:37  Extractor  
  58  4:38  Drone  
  63  4:43  Zergling x4  
  65  4:46  Zergling x6  
  65  4:47  Zergling x2  
  69  4:58  Drone x4  
  73  5:01  Extractor  
  73  5:03  Drone  
  73  5:06  Drone  
  74  5:12  Overlord  
  74  5:13  Overlord x3  
  74  5:17  Extractor x2  
  74  5:18  Overlord x2  
  72  5:23  Baneling x4  
  72  5:24  Baneling x3  
  72  5:29  Overlord  
  72  5:31  Drone x3  
  72  5:32  Drone  
  72  5:34  Drone  
  72  5:35  Hydralisk Den  
  76  5:36  Centrifical Hooks  
  76  5:39  Drone x3  
  79  5:46  Drone  
  79  5:47  Drone x4  
  81  6:04  Muscular Augments  
  81  6:05  Drone x4  
  81  6:11  Zerg Melee Weapons Level 2  
  87  6:15  Drone x2  
  87  6:16  Hydralisk, Drone x3  
  92  6:20  Hydralisk x3  
  92  6:24  Zergling x6  
  101  6:30  Hydralisk x2  
  101  6:31  Zergling x2  
  106  6:39  Hatchery  
  105  6:42  Overlord x2  
  105  6:47  Overlord x2  
  105  6:54  Hydralisk x2, Zergling x4  
  111  7:01  Baneling x14  
  111  7:02  Baneling  
  111  7:03  Zergling x2  
  111  7:04  Zergling x2  
  111  7:05  Zergling x2  
  113  7:11  Hydralisk, Zergling x4  
  113  7:12  Zergling x4  
  113  7:13  Zergling x2  
  113  7:14  Zergling x2  
  119  7:20  Hydralisk, Zergling x8  
  119  7:27  Hydralisk x2  
  119  7:28  Zergling x4  
  121  7:30  Baneling x4  
  121  7:32  Hydralisk  
  121  7:33  Zergling x4  
  121  7:34  Zergling x2  
  124  7:40  Hydralisk, Zergling x2  
  124  7:41  Zergling x2  
  124  7:44  Zergling x2  
  127  7:48  Hydralisk  
  127  7:49  Zergling x4  
  118  7:51  Zergling x2  
  118  7:52  Zergling x2  
  118  7:54  Zergling x2  
  118  7:57  Queen  
  114  8:02  Hydralisk x2  
  114  8:03  Hydralisk x2, Zergling x8  
  123  8:10  Zergling x2  
  124  8:13  Baneling x4  
  124  8:15  Hydralisk x3, Baneling x2  
  124  8:16  Zergling x4  
  124  8:18  Zergling x2  
  133  8:24  Hydralisk, Zergling x2  
  136  8:31  Hydralisk x3, Zergling x6  
  136  8:32  Zergling x2  
  142  8:34  Zergling x4  
  141  8:42  Hydralisk x2  
  141  8:43  Zergling x8  
  146  8:55  Hydralisk x2, Zergling x4  
  147  8:59  Overlord  
  147  9:00  Lurker Den, Overlord  
  150  9:04  Baneling x2  
  150  9:12  Baneling x14  
  137  9:26  Hydralisk x3  
  137  9:27  Hydralisk x3, Zergling x12  
  150  9:32  Hydralisk  
  150  9:33  Zergling x2  
  145  9:46  Hydralisk x2, Zergling x4  
  139  9:54  Hydralisk  
  139  9:55  Zergling x6  
  129  10:07  Hydralisk x2, Zergling x4  
  129  10:10  Queen  
  129  10:11  Hydralisk x2  
  129  10:13  Baneling x12  
  139  10:16  Hydralisk  
  139  10:17  Hydralisk  
  131  10:29  Hydralisk x3, Zergling x6  
  131  10:35  Hydralisk x3, Zergling x8  
  119  10:43  Zergling x4  
  119  10:46  Hydralisk  
  119  10:47  Zergling x2  
  105  10:57  Extractor, Hydralisk x3  
  100  10:58  Extractor, Hydralisk x3, Zergling x8  
  100  11:02  Queen  
  117  11:07  Hydralisk x3  
  117  11:08  Zergling x2  
  124  11:14  Hydralisk x2  
  124  11:15  Zergling x2  
  127  11:22  Lurker  
  128  11:29  Hydralisk x2  
  128  11:30  Hydralisk, Zergling x8  
  128  11:32  Drone x2  
  139  11:33  Drone  
  139  11:34  Drone  
  139  11:36  Lurker  
  139  11:38  Drone  
  139  11:39  Drone  
  144  11:46  Overlord x2  
  142  11:54  Lurker  
  142  11:55  Lurker x2  
  139  12:05  Hydralisk  
  139  12:06  Hydralisk x2, Zergling x10  
  150  12:10  Lurker  
  150  12:11  Lurker  
  152  12:19  Lurker  
  152  12:20  Lurker  
  154  12:25  Overseer  
  154  12:26  Overseer  
  154  12:35  Baneling x9  
  154  12:36  Zergling x26  
  167  12:49  Hydralisk x3, Zergling x2  
  167  12:50  Zergling x4  
  170  12:53  Zergling x4  
  170  12:54  Zergling x2  
  173  12:58  Baneling  
  173  12:59  Baneling x6  
  173  13:00  Baneling x2  
  171  13:08  Drone x3  
  171  13:11  Overlord x2  
  169  13:16  Overseer  
  169  13:17  Pneumatized Carapace  
  169  13:27  Overlord x3  
  169  13:29  Overseer  
  169  13:30  Overseer  
  169  13:32  Overseer  
  169  13:33  Lurker  
  170  13:36  Lurker  
  170  13:37  Lurker  
  170  13:38  Lurker  
  173  13:44  Lurker x3  
  173  14:12  Hydralisk x6, Zergling x6  
  173  14:13  Zergling x8  
  188  14:25  Nydus Network  
  183  14:32  Hydralisk  
  183  14:33  Hydralisk x2, Zergling x8  
  183  14:34  Zergling x2  
  183  14:35  Overseer  
  189  14:57  Queen  
  190  15:02  Hatchery  
  188  15:08  Overseer  
  188  15:14  Baneling x14  
  188  15:15  Baneling x8  
  188  15:24  Nydus Canal  
  188  15:33  Hydralisk x3, Zergling x4  
  188  15:34  Zergling x2  
  195  15:48  Spire  
Tags
 
Add a new tag
Caveats
  • Supply blocks, unpowered buildings, or Contaminate may cause inaccurate times.
  • Supply counts are checked every 10 seconds.